 Dungeon Crawl Stone Soup version 0.22-a0-815-gb582571 (webtiles) character file.

4 iamserjio the Chiller (level 1, 0/13 HPs)
             Began as a Barachi Ice Elementalist on July 23, 2018.
             Slain by a goblin
             ... wielding a +0 club
              (1 damage)
             ... on level 1 of the Dungeon.
             The game lasted 00:00:36 (45 turns).

iamserjio the Chiller (Barachi Ice Elementalist)      Turns: 45, Time: 00:00:37

Health: 0/13       AC:  2    Str:  9    XL:     1   Next: 70%
Magic:  0/3        EV: 12    Int: 20    God:
Gold:   7          SH:  0    Dex: 12    Spells: 3/4 levels left

rFire    . . .     SeeInvis .   (no weapon)
rCold    . . .     Gourm    .   (no shield)
rNeg     . . .     Faith    .   a - +0 robe
rPois    .         Spirit   .   (no helmet)
rElec    .         Reflect  .   (no cloak)
rCorr    .         Harm     .   (no gloves)
MR       .....                  (no boots)
Stlth    ++........             (no amulet)
HPRegen  0.04/turn              (no ring)
MPRegen  0.08/turn              (no ring)

@: brilliant, slow
A: +LOS, swims, slowness 1, strong legs 1
a: Hop


You were on level 1 of the Dungeon.
You were not hungry.

You visited 1 branch of the dungeon, and saw 1 of its levels.

You collected 7 gold pieces.

Inventory:

Armour
 a - a +0 robe (worn)
Scrolls
 b - a scroll of magic mapping {unknown}
Comestibles
 c - a ration


   Skills:
 - Level 2.1 Dodging
 - Level 1.7 Stealth
 - Level 2.1 Spellcasting
   Level 1.1 Conjurations
 + Level 4.1 Ice Magic


You had 3 spell levels left.
You knew the following spells:

 Your Spells              Type           Power        Failure   Level  Hunger
a - Freeze                Ice            ####         1%          1    #......

Your spell library contained the following spells:

 Spells                   Type           Power        Failure   Level  Hunger
 Throw Frost              Conj/Ice       ###...       1%          2    ##.....
 Summon Ice Beast         Ice/Summ       ###.....     8%          4    #####..
 Ozocubu's Armour         Chrm/Ice       ###.....     2%          3    ###....
 Throw Icicle             Conj/Ice       ###.....     6%          4    #####..


Dungeon Overview and Level Annotations

Branches:
Dungeon (1/15)

Altars:


Innate Abilities, Weirdness & Mutations

Shadows flee at your approach. (+LOS)
You can swim through water.
You cover ground slowly.
You can hop short distances.


Message History

Confirm with . or Enter, or press ? or * to list all spells.
Aiming: Freeze (safe; 4% risk of failure)
Press: ? - help, Shift-Dir - straight line, f/p - jackal
Aim: a jackal (moderately wounded)
You freeze the jackal.
You kill the jackal!
Your Ice Magic skill increases to level 4!
The rat twitches its whiskers.
Casting: Freeze (safe; 4% risk of failure)
Confirm with . or Enter, or press ? or * to list all spells.
You don't have enough magic to cast that spell.
Wield which item (- for none, * to show all)? (? for menu, Esc to quit)
Okay, then.
It was a potion of brilliance.
You feel clever all of a sudden. The goblin closely misses you.
You completely miss the goblin. The goblin hits you with a club.
* * * LOW HITPOINT WARNING * * *
You closely miss the goblin. The goblin hits you with a club.
You die...

#.#### #...>.... #........
. #....... ... ..##.......
..g. ......... ...
###....!. ... #
........##### #.# .#
#.rg@..# #.##..#
#..###.###.....#
#..#.....g.##..#
#.###..#hr.........#
#.....g#.#.###.###.#
....###....#.# #.# ## ..
#..#.### #.# .. . .
#....#####r# .##...
....####.#.†.....##.......


You could see a goblin and a rat.

Vanquished Creatures
  2 bats (D:1)
  A jackal (D:1)
  A frilled lizard (D:1)
4 creatures vanquished.

Notes
Turn   | Place    | Note
-------+----------+-------------------------------------------
     0 | D:1      | iamserjio the Barachi Ice Elementalist began the quest for the Orb.
     0 | D:1      | Reached XP level 1. HP: 13/13 MP: 3/3
    42 | D:1      | Reached skill level 4 in Ice Magic
    45 | D:1      | Slain by a goblin

Vault maps used:
D:1:      dpeg_arrival_long_road

Skill      XL: |  1 |
---------------+----+-----
Ice Magic      | 4 |  4.1
Dodging        | |  2.1
Stealth        | |  1.7
Spellcasting   | |  2.1
Conjurations   | |  1.1

Action                   || total
-------------------------++-------
Melee: Unarmed           ||     2
 Cast: Freeze            ||     5
  Use: Potion            ||     1
Armor: Robe              ||     5
Dodge: Dodged            ||    22

Table legend:
 A = Spawn XP
 B = Non-spawn XP
 C = Spawn XP percentage of total XP
 D = Spawn monster count
 E = Non-spawn monster count
 F = Spawn count percentage of total count
 G = Total turns spent on level
                    A         B        C        D         E        F      G
               +---------+---------+-------+---------+---------+-------+---------
         Total |       0 |       7 |   0.0 |       0 |       4 |   0.0 |    45
               +---------+---------+-------+---------+---------+-------+---------
           D:1 |       0 |       7 |   0.0 |       0 |       4 |   0.0 |    45
               +---------+---------+-------+---------+---------+-------+---------
